[Event "*** Titled Tuesday Blitz"]
[Site "Chess.com"]
[Date "2020.05.19"]
[Round "10"]
[White "IMRosen"]
[Black "FMVolodymyrSakun"]
[Result "1/2-1/2"]
[WhiteElo "2591"]
[BlackElo "2505"]
[TimeControl "180+1"]
[EndTime "13:57:56 PDT"]
[Termination "Game drawn by repetition"]

1. d4 Nf6 2. Bf4 g6 3. Nc3 Bg7 4. e4 O-O 5. Qd2 d6 6. O-O-O c6 7. Kb1 b5 8. f3 b4 9. Nce2 a5 10. Bh6 Nbd7 11. h4 e5 12. h5 Qe7 13. Bxg7 Kxg7 14. hxg6 fxg6 15. Qh6+ Kg8 16. Nh3 Ba6 17.
Ng5 a4 18. Nc1 Bxf1 19. Rhxf1 Nh5 20. dxe5 Nxe5 21. Rxd6 Qg7 22. Qxg7+ Nxg7 23. Rfd1 a3 24. Nd3 Nc4 25. Rd7 axb2 26. Rxg7+ Kxg7 27. Ne6+ Kf6 28. Nxf8 Rxf8 29. Nxb2 Ne3 30. Rd6+ Kg5 31. Rxc6 Nxg2 32. Nd3 h5 33. Rc5+ Kh6 34. Nxb4 h4 35. Nd3 h3 36.
Nf2 Nf4 37. Rc3 Kg5 38. Rc5+ Kh4 39. Nxh3 Kxh3 40. a4 Kg3 41. Rc3 Rb8+ 42. Rb3 Ra8 43. Ra3 Ne2 44. a5 Kf4 45. a6 Nd4 46. c4 Nxf3 47. c5 Ne5 48. c6 Nxc6 49. Kc1 Nb4 50. a7 Nc6 51. Ra6 Rxa7 52. Rxc6 g5 53. Kd1 Re7 54. Ke2 Rxe4+ 55. Kf2 g4 56. Kg2 Re2+ 57. Kf1 Rd2 58. Rc3 g3 59. Rc8 Kf3 60. Rf8+ Kg4 61.
Rg8+ Kf3 62. Rf8+ Kg4 63. Rg8+ Kf4 64. Rf8+ Ke3 65. Re8+ Kf3 66. Rf8+ 1/2-1/2

[Event "*** Titled Tuesday Blitz"]
[Site "Chess.com"]
[Date "2020.05.19"]
[Round "10"]
[White "K_A_S_T_O_R"]
[Black "FontVella8"]
[Result "0-1"]
[WhiteElo "2719"]
[BlackElo "2570"]
[TimeControl "180+1"]
[EndTime "13:57:57 PDT"]
[Termination "FontVella8 won by resignation"]

1. e4 c6 2. d4 d5 3. exd5 cxd5 4. c4 Nf6 5. Nc3 Nc6 6. Bg5 e6 7. c5 Be7 8. Bb5 O-O 9. Nge2 Ne4 10. Bxe7 Nxe7 11.
O-O f5 12. f3 Nf6 13. b4 Qc7 14. Qd2 Ng6 15. Rfe1 f4 16. Bd3 e5 17. Bxg6 hxg6 18. dxe5 Qxe5 19. Qxf4 Qh5 20. Ng3 Qh7 21. Re7 Ng4 22. Qd4 Qxh2+ 23. Kf1 Nf6 24. Nce2 Bf5 25. Rd1 Rae8 26. Rxe8 Rxe8 27. Kf2 Bh3 28. Rg1 Rf8 29. Ke1 Bd7 30. Kd2 Qh6+ 31. Qe3 Qh4 32. Qd4 Qg5+ 33. Kc2 Re8 34. Kb1 Bb5 35. Re1 Bc4 36. f4 Qg4 37. Qf2 Ne4 38. Nxe4 Rxe4 39. Nc3 Rxf4 40. Re8+ Kf7 41.
Qe3 Qf5+ 42. Kb2 Rf2+ 43. Ka3 Qf6 44. b5 Rc2 45. Kb4 d4 46. Qe4 Rxc3 47. Rb8 Be6 48. Qxb7+ Qe7 49. Qxe7+ Kxe7 50. Rb7+ Kf6 51. Rxa7 Rc1 52.
Ra6 d3 53. Rd6 Rd1 54. c6 Ke5 55. Rd8 d2 56. Ka5 Bd5 57. c7 Rc1 58. c8=Q Rxc8 59.
Rxc8 d1=Q 60. Re8+ Kd4 61. Rc8 Qd2+ 62. Kb6 Qxa2 63.
Rc1 Qa3 64. Rd1+ Ke5 65. Re1+ Kd6 66. Rd1 Qc5+ 0-1

[Event "*** Titled Tuesday Blitz"]
[Site "Chess.com"]
[Date "2020.05.19"]
[Round "10"]
[White "ChelsieMonica"]
[Black "Sanyura"]
[Result "1-0"]
[WhiteElo "2376"]
[BlackElo "2478"]
[TimeControl "180+1"]
[EndTime "13:57:57 PDT"]
[Termination "ChelsieMonica won by resignation"]

1. c4 Nf6 2. Nf3 d6 3. e3 g6 4. Be2 Bg7 5. O-O O-O 6. Nc3 Nbd7 7. h3 e5 8. b3 a5 9. Bb2 Nc5 10. d4 exd4 11. exd4 Nce4 12. Bd3 Nxc3 13. Bxc3 a4 14. Qc2 axb3 15. axb3 Rxa1 16. Rxa1 d5 17. Ra8 Re8 18. Bb4 c6 19. Ra1 Ne4 20. Re1 f5 21. cxd5 cxd5 22.
Rc1 Qb6 23. Bc5 Nxc5 24. dxc5 Qb4 25. c6 Qd6 26. c7 Bd7 27. Qc5 Qxc5 28. Rxc5 Bc6 29.
Rxc6 bxc6 30. Ba6 c5 31. c8=Q Rxc8 32. Bxc8 c4 33. bxc4 dxc4 34. Be6+ Kf8 35. Bxc4 Bf6 36. Kf1 Ke7 37. Ke2 Kd6 38. Bg8 h6 39. Bh7 g5 40. Bxf5 Bg7 41. Bg4 Kd5 42. Bh5 Ke6 43. Nh2 Kf5 44. g3 Ke4 45. Bg6+ Ke5 46. Kf3 Kf6 47.
Bd3 Ke5 48. Ng4+ Kd4 49. Bg6 Kd5 50. Ne3+ Ke5 51. Bh5 Bf8 52. Ng4+ Kf5 53. Ke2 Ke4 54. Bg6+ Kd4 55. Ne3 Ke5 56. Kd3 Kf6 57. Bh5 Ke5 58. Nc4+ Kd5 59. Bf7+ Kc5 60. Ke4 Kb4 61. f4 gxf4 62.
gxf4 Kc3 63. Ne3 Kd2 64. Nd5 Ke2 65. Kf5 Kf2 66. Kg6 Kg3 67. Be6 Kh4 68. Kf7 Bd6 69. Kg7 h5 70. f5 Kxh3 71. Kg6 h4 72. f6+ Kg3 73. f7 h3 74. Nf6 Be7 75. Ng8 Bf8 76.
Bd5 h2 77. Kf6 Kf2 78. Ne7 Kg1 79. Ng6 Bh6 80. Nf4 h1=Q 81. Bxh1 Kxh1 82. Ne6 Kh2 83.
Ng7 Bd2 84. f8=Q Bc3+ 85. Kg5 1-0

[Event "*** Titled Tuesday Blitz"]
[Site "Chess.com"]
[Date "2020.05.19"]
[Round "10"]
[White "WildTricks"]
[Black "SlavenPastar"]
[Result "0-1"]
[WhiteElo "2527"]
[BlackElo "2423"]
[TimeControl "180+1"]
[EndTime "13:57:58 PDT"]
[Termination "SlavenPastar won by resignation"]

1. Nf3 Nf6 2. g3 e6 3. Bg2 d5 4.
O-O Be7 5. c4 O-O 6. d4 dxc4 7.
Ne5 Nc6 8. Nxc6 bxc6 9. Na3 Bxa3 10. bxa3 Ba6 11. a4 Rb8 12. Ba3 Re8 13. Qd2 Nd5 14. Qa5 Rb6 15. Bc5 Qc8 16. e4 Nf6 17. Bxb6 cxb6 18. Qc3 b5 19. axb5 cxb5 20. a4 Bb7 21. Rfe1 a6 22. Rab1 Bc6 23. e5 Bxg2 24.
exf6 Qc6 25. axb5 axb5 26. d5 Bxd5 27. Qd2 gxf6 28. f4 c3 29. Qe2 c2 30. Rbc1 Rc8 31. Qg4+ Kf8 32. Qh4 Qc5+ 33. Kf1 Qc4+ 34. Kg1 Qd4+ 35.
Kf1 Bc4+ 36. Kg2 Bd5+ 37. Kh3 Ke7 38. Qh5 Qd2 39. Rg1 b4 40. Qxh7 b3 41. Rce1 Qxe1 42.
Rxe1 b2 43. Rxe6+ Bxe6+ 44. Kh4 c1=Q 45. Qe4 Qxf4+ 46. Qxf4 b1=Q 47. Qh6 Qg6 48. Qf4 Qg5+ 49. Qxg5 fxg5+ 50. Kxg5 Rg8+ 51. Kh4 Rh8+ 52. Kg5 Rxh2 53. Kf4 Rf2+ 54. Ke3 Rf6 55. g4 Rg6 56. g5 Rxg5 57. Kd4 Rd5+ 0-1

[Event "*** Titled Tuesday Blitz"]
[Site "Chess.com"]
[Date "2020.05.19"]
[Round "10"]
[White "Kopytkin"]
[Black "Roza_Idrisova"]
[Result "1/2-1/2"]
[WhiteElo "2324"]
[BlackElo "2164"]
[TimeControl "180+1"]
[EndTime "13:57:58 PDT"]
[Termination "Game drawn - insufficient material"]

1. e4 c6 2. d4 d5 3. exd5 cxd5 4. c4 Nf6 5. Nc3 g6 6. Nf3 Bg7 7. cxd5 O-O 8. h3 Nxd5 9. Bc4 Nxc3 10. bxc3 Nc6 11.
O-O a6 12. Re1 Na5 13. Bf1 Be6 14. Ba3 Re8 15. Ne5 Rc8 16. Qf3 Nc4 17. Nxc4 Bxc4 18. Qxb7 Be2 19. Bxe2 Rxc3 20. Bc5 Bxd4 21. Bxd4 Qxd4 22.
Rad1 Qa4 23. Qd7 Qxd7 24. Rxd7 e6 25. Rd2 a5 26. Kf1 a4 27. Red1 Kg7 28. Ke1 Rb8 29. Rd4 a3 30. R4d3 Rc2 31. R3d2 Rc3 32. Bd3 Kf6 33. Ke2 Ke5 34. Rb1 Rbc8 35. Rb5+ Kf6 36. Rb3 Rxb3 37. axb3 Ra8 38. Ra2 Ke5 39. b4 Kd4 40. b5 Kc3 41. b6 Kb3 42. Bb1 Rb8 43. Rd2 Rxb6 44. Ba2+ Kc3 45. Rd3+ Kb2 46. Rd2+ Kc1 47.
Bc4 Rb2 48. Rxb2 axb2 49. Bd3 b1=Q 50. Bxb1 Kxb1 51. Kd1 Kb2 52. Kd2 Kb3 53. Kd3 Kb4 54. Kd4 f6 55. g4 Kb5 56. g5 fxg5 57. Ke5 Kc4 58. Kxe6 Kd4 59. Kf6 Ke4 60. Kg7 Kf4 61.
Kxh7 g4 62. h4 g3 63. fxg3+ Kxg3 64. Kxg6 Kxh4 1/2-1/2

[Event "*** Titled Tuesday Blitz"]
[Site "Chess.com"]
[Date "2020.05.19"]
[Round "10"]
[White "sergeikim"]
[Black "agrigo3"]
[Result "1-0"]
[WhiteElo "2377"]
[BlackElo "2261"]
[TimeControl "180+1"]
[EndTime "13:57:59 PDT"]
[Termination "sergeikim won by resignation"]

1. d4 d6 2. c4 e5 3. Nf3 e4 4. Ng5 f5 5. Nc3 Be7 6. h4 Nf6 7. Bf4 h6 8. Nh3 c6 9. e3 Na6 10. Be2 O-O 11. h5 Nc7 12. O-O Be6 13. b4 Bf7 14. a4 Qe8 15. c5 Rd8 16. cxd6 Bxd6 17. Bxd6 Rxd6 18. Nf4 Ne6 19. Nxe6 Bxe6 20. b5 Bf7 21. a5 Bxh5 22. a6 Bxe2 23. Qxe2 Qe7 24. Rfb1 cxb5 25. axb7 Qxb7 26. Nxb5 Rb6 27. Rxa7 Qb8 28.
Qa2+ Kh7 29. Ra5 Rd8 30. Nc3 Rxb1+ 31. Qxb1 Qxb1+ 32. Nxb1 Kg6 33. Nd2 Rc8 34. Nb3 Rc3 35. Nc5 Rc1+ 36. Kh2 h5 37. Ne6 h4 38. f3 exf3 39.
gxf3 Re1 40. Ra7 Rxe3 41. Rxg7+ Kh6 42. Re7 Re2+ 43. Kh3 Re1 44. Kg2 Nd5 45. Re8 Rxe6 46. Rxe6+ Kg5 47. Rd6 Nf4+ 48. Kh2 h3 49. Rd8 Kf6 50.
Kg3 Kg5 51. Rg8+ Ng6 52. Kxh3 Kf6 53. Kg3 Kf7 54. Rxg6 Kxg6 55. Kf4 Kf6 56. d5 Kg6 57. Ke5 Kg5 58. d6 Kg6 59. d7 Kf7 60. d8=Q 1-0

[Event "*** Titled Tuesday Blitz"]
[Site "Chess.com"]
[Date "2020.05.19"]
[Round "10"]
[White "Glidzhian_Gor"]
[Black "ZarinaShafigullina"]
[Result "0-1"]
[WhiteElo "2449"]
[BlackElo "2362"]
[TimeControl "180+1"]
[EndTime "13:58:01 PDT"]
[Termination "ZarinaShafigullina won by checkmate"]

1. e4 c5 2. d4 cxd4 3. c3 dxc3 4. Nxc3 Nc6 5. Bc4 Nf6 6. Nf3 d6 7. e5 dxe5 8. Qxd8+ Nxd8 9. Nb5 Rb8 10. Nxe5 e6 11. Bd2 Bc5 12. b4 Bb6 13. a4 a6 14.
Nd6+ Ke7 15. Nxc8+ Rxc8 16. a5 Bd4 17. Nxf7 Bxa1 18.
Nxh8 Rxc4 19. Ke2 Be5 20. Rd1 Nc6 21. Be3 Bd4 22. Bd2 Nxb4 23. Rb1 Bc5 24. f3 Nfd5 25.
h4 Kf8 26. Re1 Kg8 27. Kd1 Kxh8 28. Rxe6 Kg8 29. Re8+ Kf7 30. Rb8 Be7 31. Rxb7 Rc7 32. Rb8 Nc3+ 33. Ke1 Nb5 34. Bf4 Nd3+ 35. Kd2 Nxf4 36.
Rb6 Nd5 37. Rxa6 Bb4+ 38. Kd3 Ndc3 39. Ra8 Rd7+ 40. Kc4 Rd4+ 41. Kb3 Be7 42. a6 Rb4+ 43. Kc2 Ra4 44. h5 h6 45. g4 Nd5 46. Rb8 Nb4+ 47. Kb3 Ra3+ 48. Kb2 Ra5 49. Kb3 Na7 50. Rb7 Rxa6 51.
f4 Nac6 52. g5 Nd4+ 53. Kc4 Ne6 54. g6+ Kf6 55. f5 Nd8 56. Rd7 Ndc6 57. Kb5 Ra8 58. Rc7 Rb8+ 59. Kc4 Ne5+ 60. Kc3 Nd5+ 61. Kd4 Nxc7 62.
Ke4 Rb4+ 63. Ke3 Nd5+ 64. Kd2 Kxf5 65. Kc2 Ke4 66. Kd2 Rb2+ 67. Kc1 Rh2 68. Kd1 Kd3 69.
Ke1 Ra2 70. Kf1 Ke3 71. Kg1 Kf3 72. Kh1 Kg3 73. Kg1 Ra1# 0-1

[Event "*** Titled Tuesday Blitz"]
[Site "Chess.com"]
[Date "2020.05.19"]
[Round "10"]
[White "Jenia84"]
[Black "Danfii"]
[Result "0-1"]
[WhiteElo "2243"]
[BlackElo "2370"]
[TimeControl "180+1"]
[EndTime "13:58:01 PDT"]
[Termination "Danfii won by checkmate"]

1. e4 e5 2. Nf3 Nc6 3. Bb5 Nf6 4.
d3 Bc5 5. O-O d6 6. Nc3 Bd7 7.
Qe2 O-O 8. Be3 Nd4 9. Bxd4 exd4 10. Bxd7 dxc3 11. Bf5 cxb2 12. Rab1 g6 13. Bh3 Ba3 14. d4 Re8 15. Qd3 Bb4 16. Rxb2 Ba5 17. e5 dxe5 18. Nxe5 Bb6 19. Nf3 Re4 20. c3 c5 21. Rd1 cxd4 22. cxd4 Qd6 23. g3 Rd8 24. Bg2 Bxd4 25. Nxd4 Rxd4 26.
Qxd4 Qxd4 27. Rxd4 Rxd4 28. Bxb7 Nd7 29. Kg2 Nc5 30.
Bc6 Kg7 31. Rb5 Rc4 32. Bd5 Rc3 33. Rb8 Rd3 34. Bc4 Rd4 35. Bb3 Nxb3 36. axb3 Rd3 37.
b4 Rb3 38. b5 h5 39. Rb7 Kf6 40. h4 Ke6 41. Kf1 Rb1+ 42. Ke2 Rb2+ 43. Ke3 f6 44. f3 Kf5 45. Rxa7 Rxb5 46. Ra3 g5 47. hxg5 fxg5 48. Rc3 h4 49. gxh4 gxh4 50. Kf2 Rb2+ 51. Kg1 Kf4 52. Kh1 Kg3 53. f4+ Kxf4 54. Rd3 Rb4 55. Rc3 Kg4 56.
Rd3 Rf4 57. Rc3 Kh5 58. Rd3 Rg4 59. Rc3 Rg3 60. Rc5+ Kg4 61. Rc4+ Kh3 62. Rc1 Rd3 63. Re1 Rc3 64. Ra1 Kg3 65. Rg1+ Kf2 66. Rd1 Rh3# 0-1

[Event "*** Titled Tuesday Blitz"]
[Site "Chess.com"]
[Date "2020.05.19"]
[Round "10"]
[White "tan275"]
[Black "Piotrek1979"]
[Result "1/2-1/2"]
[WhiteElo "2205"]
[BlackElo "2341"]
[TimeControl "180+1"]
[EndTime "13:58:02 PDT"]
[Termination "Game drawn - insufficient material"]

1. d4 Nf6 2. c4 c5 3. d5 e5 4. Nc3 d6 5. e4 Be7 6. Be2 Nbd7 7. h4 h5 8. Bg5 a6 9. Nf3 Nf8 10. Be3 Ng4 11. Bg5 Ng6 12. Bxe7 Qxe7 13. Ng5 Nxh4 14. Rxh4 Qxg5 15. Rh1 Nf6 16. Qd3 Bd7 17.
g3 h4 18. gxh4 Rxh4 19. Rxh4 Qxh4 20. O-O-O Qxf2 21. Rf1 Qh4 22. Qc2 b5 23. cxb5 axb5 24. Nxb5 Bxb5 25. Bxb5+ Kf8 26. Kb1 Qxe4 27. Bd3 Qa4 28. Bc4 Qxc2+ 29. Kxc2 Ke7 30. Rh1 g6 31. b3 Ng4 32. a4 Ne3+ 33. Kd3 Nxc4 34. Kxc4 Rb8 35. a5 e4 36. a6 f5 37. a7 Ra8 38.
Rh7+ Kf6 39. Kb5 e3 40. Kb6 f4 41. Kb7 Rxa7+ 42. Kxa7 f3 43. Rh3 Ke5 44. Rxf3 Ke4 45. Rg3 e2 46. Rxg6 Kxd5 47. Rg1 Kd4 48. Kb6 d5 49.
Kc6 c4 50. bxc4 dxc4 51. Kb5 c3 52. Kb4 Kd3 53. Kb3 Kd2 54. Rh1 c2 55. Kb2 c1=Q+ 56. Rxc1 e1=Q 57. Rxe1 Kxe1 1/2-1/2

[Event "*** Titled Tuesday Blitz"]
[Site "Chess.com"]
[Date "2020.05.19"]
[Round "10"]
[White "Patolindo"]
[Black "WonderChampion"]
[Result "1-0"]
[WhiteElo "2109"]
[BlackElo "1927"]
[TimeControl "180+1"]
[EndTime "13:58:02 PDT"]
[Termination "Patolindo won by resignation"]

1. d4 d5 2. c4 e6 3. Nf3 c6 4. Nc3 dxc4 5. a4 Bb4 6. Ne5 b5 7. e3 Bb7 8. Be2 a6 9. Bf3 Qc7 10. O-O Nf6 11. Bd2 Bxc3 12. Bxc3 O-O 13. axb5 cxb5 14.
Ba5 Qe7 15. Bb4 Qxb4 16. Bxb7 Ra7 17. Bf3 Qd6 18. Qc2 Rc8 19. b3 c3 20. Rfb1 b4 21. Ra4 a5 22. Nd3 Qb6 23. Rba1 Rcc7 24. Qa2 Qb5 25. Rxa5 Rxa5 26. Qxa5 Qxa5 27. Rxa5 c2 28. Rc5 Rxc5 29. dxc5 Na6 30. c6 Ne8 31. Kf1 Nc5 32.
Nc1 Kf8 33. Ke2 Ke7 34. Kd2 Kd6 35. Kxc2 e5 36. Nd3 Nxd3 37. Kxd3 f5 38. Kc4 e4 39.
Be2 Kxc6 40. Kxb4 Kb6 41. g3 Nd6 42. Bc4 g6 43. h4 h6 44. Bd5 g5 45. hxg5 hxg5 46.
Kc3 Kc5 47. Be6 Nb5+ 48. Kb2 Nd6 49. Bd7 Kb4 50. Kc2 Kc5 51. Kc3 g4 52. b4+ Kd5 53.
b5 Kc5 54. Bc6 Nxb5+ 55. Bxb5 Kxb5 56. Kd4 Kb4 57. Ke5 Kc3 58. Kxf5 Kd2 59. Kxg4 Ke2 60.
Kf4 Kxf2 61. g4 Kg2 62. g5 Kf2 63. g6 1-0

[Event "*** Titled Tuesday Blitz"]
[Site "Chess.com"]
[Date "2020.05.19"]
[Round "10"]
[White "MFguimaraes"]
[Black "Susal_De_Silva"]
[Result "1/2-1/2"]
[WhiteElo "2497"]
[BlackElo "2386"]
[TimeControl "180+1"]
[EndTime "13:58:03 PDT"]
[Termination "Game drawn - insufficient material"]

1. e4 e5 2. Nf3 Nc6 3. Bc4 Nf6 4. Ng5 d5 5. exd5 Na5 6. Bb5+ c6 7. dxc6 bxc6 8.
Be2 h6 9. Nh3 Bc5 10. O-O Bxh3 11. gxh3 Nd5 12. c3 Nf4 13. d4 Qg5+ 14. Bg4 h5 15.
Bxf4 exf4 16. dxc5 hxg4 17. Qxg4 Qxg4+ 18. hxg4 Rh4 19. f3 O-O-O 20. Rf2 Rd1+ 21. Rf1 Rxf1+ 22. Kxf1 Rxh2 23. Kg1 Rxb2 24. Na3 Nb7 25. Nc4 Rc2 26. Ne5 Rxc3 27. Nxc6 Rxc5 28. Nd4 Rc3 29. Re1 Rd3 30. Re4 g5 31.
Nb5 a6 32. Rc4+ Kb8 33. Nc7 Rxf3 34. Nxa6+ Ka7 35. Nb4 Rg3+ 36. Kf2 Rxg4 37. Rc7 Rg3 38. Rxf7 Ra3 39. Rf5 Ra4 40. Nc6+ Kb6 41. Ne7 Rxa2+ 42. Kf3 Ra3+ 43. Kf2 Nd6 44. Rf6 Kc7 45. Nd5+ Kd7 46. Kg2 Rg3+ 47. Kh2 Ne4 48. Rf8 Rd3 49.
Nxf4 Rd2+ 50. Kh3 gxf4 51. Rxf4 Rd3+ 52. Kg4 Rd4 53. Kf3 Ng5+ 54. Kg4 Rxf4+ 55. Kxf4 1/2-1/2

[Event "*** Titled Tuesday Blitz"]
[Site "Chess.com"]
[Date "2020.05.19"]
[Round "10"]
[White "RianKapriaga"]
[Black "Char_dasha"]
[Result "1-0"]
[WhiteElo "2222"]
[BlackElo "2317"]
[TimeControl "180+1"]
[EndTime "13:58:03 PDT"]
[Termination "RianKapriaga won by resignation"]

1. d4 e6 2. Nf3 c5 3. e3 Nf6 4. b3 b6 5. Bb2 Bb7 6. Nbd2 Be7 7. Bd3 O-O 8. O-O Nc6 9. a3 Rc8 10. Re1 cxd4 11. exd4 d5 12. Ne5 Nxe5 13. dxe5 Nd7 14. Qh5 g6 15. Qh3 Nc5 16. Bf1 d4 17. Rad1 d3 18.
cxd3 Qd5 19. d4 Nd7 20. Ne4 Rc2 21. Bc1 Rfc8 22. Bg5 Bf8 23. Bf6 h6 24. Qg3 b5 25.
h4 h5 26. Bd3 Rb2 27. Ng5 Rxb3 28. Nxf7 Qxg2+ 29. Qxg2 Bxg2 30. Bxg6 Bf3 31. Rb1 Rcc3 32.
Rxb3 Rxb3 33. Ng5 Bxa3 34. Bf7+ Kf8 35. Bxe6 Rb2 36. Nh7+ Ke8 37. Ng5 Bb4 38. Nxf3 Bxe1 39. Nxe1 Nxf6 40. exf6 Rb1 41. Kf1 Rd1 42. d5 b4 43. Ke2 Rd4 44. Ke3 Rd1 45. Nd3 b3 46. d6 b2 47. d7+ Kd8 48. Nxb2 Re1+ 49. Kf4 Rxe6 50. Kf5 Re2 51. Nc4 Rxf2+ 52. Ke6 Rxf6+ 53.
Kxf6 Kxd7 54. Kg5 Kc6 55. Kxh5 Kc5 56. Nb2 Kb4 57. Kg6 Kb3 58. Nd3 a5 59. h5 Kc3 60.
h6 Kxd3 61. h7 a4 62. h8=Q Kc2 63. Qa1 Kb3 64. Kf5 1-0

[Event "*** Titled Tuesday Blitz"]
[Site "Chess.com"]
[Date "2020.05.19"]
[Round "10"]
[White "Moon_stone123"]
[Black "atwalcb"]
[Result "1-0"]
[WhiteElo "2521"]
[BlackElo "2362"]
[TimeControl "180+1"]
[EndTime "13:58:04 PDT"]
[Termination "Moon_stone123 won by resignation"]

1. Nf3 d5 2. g3 c6 3. Bg2 e6 4.
O-O Bd6 5. c4 Nf6 6. b3 O-O 7.
Bb2 Nbd7 8. d3 b6 9. Nbd2 Bb7 10. Qc2 c5 11. d4 Rc8 12. Rac1 Qe7 13. Rfd1 Rfd8 14.
Qb1 h6 15. e3 a6 16. Qa1 b5 17. a4 b4 18. cxd5 Bxd5 19. Nc4 Bb8 20. dxc5 Rxc5 21.
Bd4 Rcc8 22. Qb2 Bxc4 23. bxc4 a5 24. Nd2 Nc5 25. Bxc5 Qxc5 26. Nb3 Rxd1+ 27. Rxd1 Qxc4 28. Nxa5 Qc3 29. Qxc3 bxc3 30. Nc6 Rxc6 31. Bxc6 Bc7 32. Kf1 Kf8 33. Ke2 Ke7 34. Kd3 Ba5 35. Kc2 g5 36. h3 e5 37. Rb1 Kd6 38. Bf3 e4 39. Be2 Nd5 40. Rb5 Bb4 41. Bc4 Bc5 42. Bxd5 Kxd5 43. Kxc3 Kc6 44. Kc4 Bb6 45. Rf5 Bc7 46. a5 Kd6 47. Rxf7 Bxa5 48. Kd4 Ke6 49. Rf8 Bb4 50. Re8+ Kf7 51. Rc8 Be1 52. Rc2 Bb4 53. Kxe4 Kg6 54. Kf3 Be7 55. g4 Kg7 56. Rc6 Bb4 57. Ra6 Bc5 58.
Ke4 Bb4 59. f4 gxf4 60. exf4 Bc5 61. Kf5 Bb4 62. Rc6 Ba3 63. Rc7+ Kg8 64. Rb7 Bc1 65.
h4 Bd2 66. g5 hxg5 67. hxg5 Bc3 68. Kg6 Kf8 69. f5 Be5 70. f6 Bf4 71. Ra7 Ke8 72.
f7+ 1-0

[Event "*** Titled Tuesday Blitz"]
[Site "Chess.com"]
[Date "2020.05.19"]
[Round "10"]
[White "chenxiaoyuer"]
[Black "Andro2"]
[Result "1-0"]
[WhiteElo "2313"]
[BlackElo "2406"]
[TimeControl "180+1"]
[EndTime "13:58:05 PDT"]
[Termination "chenxiaoyuer won on time"]

1. e4 c5 2. Nf3 d6 3. d4 cxd4 4. Nxd4 Nf6 5. Nc3 a6 6. Be2 e5 7. Nb3 Be7 8. O-O O-O 9. Kh1 Be6 10. f4 Qc7 11. f5 Bc4 12. g4 d5 13. g5 Nxe4 14.
Nxe4 dxe4 15. f6 Bd8 16. fxg7 Re8 17. Be3 Bxe2 18. Qxe2 Nc6 19. Rg1 Be7 20. Rg3 Qd7 21. Qh5 Qf5 22. Kg1 Rad8 23. Rf1 Qg6 24. Qg4 Nd4 25.
Rg2 Kxg7 26. Bxd4 exd4 27. Rgf2 Rf8 28. Rf6 Bxf6 29. Rxf6 d3 30. Rxg6+ hxg6 31. cxd3 exd3 32. Nd2 Rfe8 33. Qf4 Kg8 34. Kf2 Re2+ 35. Kf3 Rd5 36. Kg3 Rf5 37. Qb8+ Kh7 38. Nc4 d2 39. Qd6 Rxg5+ 40.
Kf3 Reg2 41. Nxd2 Rg1 42. Ne4 Rf5+ 43. Ke3 Re1+ 44. Kd2 Rxe4 45. Qc7 Rd5+ 46. Kc3 b5 47.
Qxf7+ Kh6 48. Qxd5 Rc4+ 49. Kb3 Rh4 50. Qf3 g5 51.
Qg3 Kh5 52. a3 g4 53. Ka2 Rh3 54. Qe5+ Kh4 55. Qh8+ Kg5 56. Qg7+ Kf4 57. Qf6+ Ke3 58. Qg5+ Kf3 59. Qf5+ Kg2 60. Qxg4+ Kxh2 61. Qe6 a5 62. Qd5 b4 63. axb4 axb4 64. Qd6+ 1-0

[Event "*** Titled Tuesday Blitz"]
[Site "Chess.com"]
[Date "2020.05.19"]
[Round "10"]
[White "wnstop"]
[Black "poummba"]
[Result "1/2-1/2"]
[WhiteElo "2605"]
[BlackElo "2466"]
[TimeControl "180+1"]
[EndTime "13:58:06 PDT"]
[Termination "Game drawn by repetition"]

1. e4 c5 2. Nf3 g6 3. c4 Bg7 4. d4 cxd4 5. Nxd4 Nc6 6. Be3 Nf6 7.
Nc3 O-O 8. Be2 d6 9. O-O Nxd4 10.
Bxd4 Bd7 11. h3 a5 12. Qc2 Bc6 13. Rad1 Nd7 14. Bxg7 Kxg7 15. Bg4 b6 16. Bxd7 Qxd7 17. e5 Qb7 18. exd6 Bxg2 19. dxe7 Rfe8 20. Rfe1 Bxh3 21. Nd5 Qc8 22. Qc3+ Kh6 23. Qe3+ Kg7 24. Qe5+ Kh6 25. Qf4+ Kg7 26. Qf6+ Kh6 27. Re4 Bg4 28. Kg2 Bxd1 29. Rh4+ Bh5 30. Nf4 Qb7+ 31. Kg1 Qf3 32. Rxh5+ Qxh5 33. Nxh5 Kxh5 34. Qxf7 Kg5 35. Qxh7 Ra7 36.
f4+ Kf6 37. Qh4+ Kg7 38. Qg5 Raxe7 39. f5 Re1+ 40. Kf2 R8e2+ 41. Kf3 Re3+ 42. Qxe3 Rxe3+ 43. Kxe3 gxf5 44. Kf4 Kf6 45. b3 Ke6 46. a3 Kf6 47.
b4 a4 48. Kf3 Ke5 49. Ke3 f4+ 50. Kd3 f3 51. c5 bxc5 52. bxc5 Kd5 53. Ke3 Kxc5 54. Kxf3 Kc4 55. Ke3 Kb3 56. Kd2 Kxa3 57. Kc1 Ka2 58. Kc2 a3 59. Kc1 Ka1 60. Kc2 Ka2 61.
Kc1 Kb3 62. Kb1 Kc3 63. Ka1 Kb4 64. Ka2 Ka4 65. Ka1 Kb3 66. Kb1 Kc4 67. Ka1 Kc3 68. Ka2 Kb4 69. Ka1 Kb3 70. Kb1 1/2-1/2

[Event "*** Titled Tuesday Blitz"]
[Site "Chess.com"]
[Date "2020.05.19"]
[Round "10"]
[White "ClassyEl"]
[Black "GjakanTati"]
[Result "1/2-1/2"]
[WhiteElo "2510"]
[BlackElo "2637"]
[TimeControl "180+1"]
[EndTime "13:58:07 PDT"]
[Termination "Game drawn - insufficient material"]

1. d4 d5 2. Nf3 Nf6 3. c4 e6 4.
e3 b6 5. Nbd2 Bb7 6. Bd3 Bd6 7.
O-O O-O 8. b3 Nbd7 9. Bb2 c5 10.
Ne5 Qe7 11. Qe2 Rfd8 12. Rfd1 Nf8 13. Nf1 Ng6 14. Ng3 Ne4 15. cxd5 exd5 16. Nf5 Qe6 17. Bxe4 dxe4 18. Nxd6 Rxd6 19. Nxg6 hxg6 20. dxc5 bxc5 21. Rxd6 Qxd6 22. Rd1 Qc6 23. Qc4 Ba6 24. Qc3 f6 25. Rc1 Rc8 26. Qa5 Qb6 27. Qa4 Bd3 28. h3 Qb7 29. Ba3 Qb6 30. Qd7 Rc7 31. Qd5+ Kh7 32.
Bxc5 Qa5 33. b4 Qa3 34. Rd1 a5 35. h4 Qa4 36. Re1 axb4 37. h5 Qb5 38. hxg6+ Kxg6 39. Rc1 Rd7 40. Qe6 Qa4 41. g4 Rb7 42. Bd4 Qd7 43.
Qxd7 Rxd7 44. Rc8 Be2 45. Rb8 Rc7 46. Rxb4 Kg5 47. Rb1 Kxg4 48. a4 Rc8 49. a5 Ra8 50.
Ra1 Bf3 51. Kf1 Rh8 52. Ke1 Rh2 53. Kd2 Rxf2+ 54. Kc3 Be2 55. a6 Bxa6 56. Rxa6 f5 57. Bxg7 f4 58. exf4 e3 59. Bd4 Rf3 60. Kd3 Kxf4 61.
Rf6+ Kg3 62. Rxf3+ Kxf3 63. Bxe3 1/2-1/2

[Event "*** Titled Tuesday Blitz"]
[Site "Chess.com"]
[Date "2020.05.19"]
[Round "10"]
[White "Roman_Ovetchkin"]
[Black "RubensCezila"]
[Result "1/2-1/2"]
[WhiteElo "2635"]
[BlackElo "2488"]
[TimeControl "180+1"]
[EndTime "13:58:07 PDT"]
[Termination "Game drawn by repetition"]

1. d4 Nf6 2. c4 g6 3. Nc3 Bg7 4. e4 d6 5. Nf3 O-O 6. Be2 Na6 7. Bg5 h6 8. Be3 c5 9. d5 e6 10. Nd2 Nc7 11. O-O Rb8 12. Rb1 exd5 13. cxd5 b5 14. b4 cxb4 15. Rxb4 a5 16. Rb3 b4 17. Na4 Re8 18.
f3 Nb5 19. Nc4 Nd7 20. Qd2 Nc3 21. Nxc3 bxc3 22. Rxc3 Bxc3 23. Qxc3 Ne5 24. Nxa5 Qh4 25. Nc6 Nxc6 26. dxc6 Be6 27. a4 Rb3 28. Qd4 d5 29. Bb5 dxe4 30. fxe4 Rd8 31. Qc5 Qxe4 32. Bxh6 Rb2 33. Qg5 Rdd2 34. Qxd2 Rxd2 35. Bxd2 Bd5 36.
Rf2 Bxc6 37. Bxc6 Qxc6 38. a5 Qb5 39. h3 f5 40. h4 Kf7 41. g3 Qb1+ 42. Kh2 Qd3 43.
Bf4 Qa3 44. Rd2 Qxa5 45. Rd7+ Ke8 46. Rd2 Qc3 47. Rf2 Kf7 48. Rd2 Ke6 49. Kg2 Kf7 50. Kh2 Qc6 51. Re2 Qc3 52. Bg5 Qc4 53.
Rf2 Qd4 54. Rd2 Qc4 55. Bf4 Qb4 56. Kg2 Qb7+ 57. Kh2 Qb3 58. Re2 Qd3 59. Rd2 Qf3 60. Rc2 Qd3 61. Rd2 Qf3 62. Rc2 Qd3 63. Rd2 1/2-1/2

[Event "*** Titled Tuesday Blitz"]
[Site "Chess.com"]
[Date "2020.05.19"]
[Round "10"]
[White "vpantev"]
[Black "Grandmaster2B"]
[Result "1/2-1/2"]
[WhiteElo "2543"]
[BlackElo "2415"]
[TimeControl "180+1"]
[EndTime "13:58:07 PDT"]
[Termination "Game drawn by repetition"]

1. d4 Nf6 2. Nf3 e6 3. Bf4 c5 4.
e3 d5 5. c4 Nc6 6. Nc3 cxd4 7.
exd4 Be7 8. c5 O-O 9. a3 a5 10. Rb1 Ne4 11. Qc2 Nxc3 12. bxc3 a4 13. Bb5 Na5 14. O-O Bd7 15. Bd3 g6 16. Rfe1 Nb3 17.
Nd2 Na5 18. Rb4 b5 19. Bxb5 Bxb5 20. Rxb5 Nc6 21. Reb1 Bg5 22. Bxg5 Qxg5 23. Nf3 Qf4 24. Qe2 Rfe8 25. g3 Qf5 26. Rb6 e5 27. Rxc6 Qxb1+ 28. Kg2 exd4 29. Qd2 dxc3 30. Qxc3 Qe4 31. Rc7 Rad8 32.
Qf6 Qe6 33. Qf4 Rc8 34. Ng5 Qf5 35. Qxf5 gxf5 36. Rd7 Red8 37. Ra7 d4 38. Nxf7 d3 39.
Nxd8 Rxd8 40. c6 d2 41. c7 d1=Q 42. cxd8=Q+ Qxd8 43. Rxa4 Qd5+ 44. Kh3 Qc5 45. Rf4 Qd5 46. a4 Kf7 47. a5 Kg6 48. a6 Qd6 49. Kg2 Qxa6 50.
Kg1 Qc6 51. Rh4 Qc1+ 52. Kg2 Qd1 53. Rf4 Kg5 54. Rh4 Qd5+ 55. Kg1 h5 56. Rf4 Qe5 57.
Rh4 Qe1+ 58. Kg2 Qe2 59. Kg1 Qf3 60. Rd4 Kf6 61. Rh4 Ke5 62. Kf1 Qh1+ 63. Ke2 Qc1 64.
Kf3 Qc2 65. Kg2 Qc6+ 66. Kg1 Qc1+ 67. Kg2 Qc6+ 68. Kg1 Qf3 69. Kf1 Qh1+ 70. Ke2 Qb1 71. Kf3 Qb7+ 72. Ke2 Kd5 73. Kf3 Ke5+ 74. Ke2 Qf7 75.
Kf3 Qa2 76. Kg2 Qd5+ 77. Kf1 Qd1+ 78. Kg2 Qd5+ 79. Kg1 Qd1+ 80. Kg2 Qd5+ 1/2-1/2